 Dungeon Crawl Stone Soup version 0.30-a0-1160-g6e42c06551 (webtiles) character file.

Game seed: 11363079125847332445

60 xian the Grave Robber (level 3, -2/24 HPs)
             Began as a Demonspawn Necromancer on Apr 27, 2023.
             Slain by a gnoll
             ... wielding a +0 halberd
              (6 damage)
             ... on level 3 of the Dungeon.
             The game lasted 00:04:47 (1749 turns).

xian the Grave Robber (Demonspawn Necromancer)      Turns: 1749, Time: 00:04:48

Health: -2/24      AC:  4    Str:  8    XL:     3   Next: 80%
Magic:  2/6        EV: 11    Int: 18    God:
Gold:   102        SH:  0    Dex: 13    Spells: 2/6 levels left

rFire   + . .        l - +0 dagger
rCold   x . .        (no shield)
rNeg    . . .        e - +0 leather armour
rPois   .            (helmet restricted)
rElec   .            (no cloak)
rCorr   .            (no gloves)
SInv    .            g - +0 pair of boots
Will    .....        (no amulet)
Stlth   ++           m - ring of fire
HPRegen 0.24/turn    (no ring)
MPRegen 0.10/turn

%: no passive effects
@: lethally poisoned (-2 -> -5)
A: horns 1, demonic magic 1
a: no special abilities


You were on level 3 of the Dungeon.
You visited 1 branch of the dungeon, and saw 3 of its levels.

You collected 102 gold pieces.

Inventory:

Hand Weapons
 l - a +0 dagger (weapon)
Armour
 e - a +0 leather armour (worn)
 g - a +0 pair of boots (worn)
Jewellery
 m - a ring of fire (left hand)
Scrolls
 i - 2 scrolls of magic mapping {unknown}
 j - a scroll of teleportation {unknown}
 k - 6 scrolls of identify {unknown}
Potions
 a - 2 potions of flight {unknown}
 b - a potion of magic
 c - a potion of resistance {unknown}
 d - a potion of heal wounds
 f - 2 potions of haste {unknown}
 h - a potion of attraction {unknown}


   Skills:
 + Level 0.1 Fighting
 + Level 0.5 Axes
 + Level 0.1 Armour
 + Level 2.0 Dodging
 + Level 2.0 Stealth
 + Level 2.4 Spellcasting
 + Level 5.3 Necromancy


You had 2 spell levels left.
You knew the following spells:

 Your Spells              Type           Power      Damage    Failure   Level
a - Necrotise             Necr           84%        1d8       2%          1
b - Vampiric Draining     Necr           21%        2d7       9%          3

Your spell library contained the following spells:

 Spells                   Type           Power      Damage    Failure   Level
 Freeze                   Ice            8%         1d3       26%         1
 Animate Dead             Necr           21%        N/A       28%         4
 Frozen Ramparts          Ice            4%         1d1       58%         3
 Hailstorm                Conj/Ice       2%         3d3       58%         3
 Agony                    Necr           21%        N/A       61%         5
 Manifold Assault         Tloc           2%         N/A       94%         4
 Dispersal                Tloc           1%         N/A       100%        6
 Disjunction              Tloc           1%         N/A       100%        8


Dungeon Overview and Level Annotations

Branches:
Dungeon (3/15)

Altars:


Innate Abilities, Weirdness & Mutations

You have a pair of small horns on your head.
Spells you cast may paralyse adjacent enemies.


Message History

The gnoll hits you from afar with a +0 spear!
* * * LOW HITPOINT WARNING * * *
You feel very sick.
The gnoll throws a poisoned dart.
The poisoned dart hits you.
You are more poisoned.
It was a potion of heal wounds.
You feel much better.
You feel very sick.
Unknown command.
You feel very sick. The gnoll barely misses you.
Casting: Necrotise (safe; 2% risk of failure)
Confirm with . or Enter, or press ? or * to list all spells.
The spell is quite dangerous to miscast (9% risk of failure)!
Continue anyway?
Aiming: Vampiric Draining (quite dangerous; 9% risk of failure)
Press: ? - help, Shift-Dir - straight line, f - gnoll
Aim: a gnoll, wielding a +0 halberd You draw life force from the gnoll!
You feel life coursing into your body. Malevolent energies surge around you.
You feel very sick. The gnoll hits you with a +0 halberd.
The gnoll hits you from afar with a +0 spear!
You feel sick. The gnoll closely misses you.
The gnoll hits you with a +0 spear.
* * * LOW HITPOINT WARNING * * *
You are too injured to fight recklessly!
Casting: Vampiric Draining (quite dangerous; 9% risk of failure)
Confirm with . or Enter, or press ? or * to list all spells.
Aiming: Necrotise (safe; 2% risk of failure)
Press: ? - help, Shift-Dir - straight line, f/p - gnoll
Aim: a gnoll, wielding a +0 halberd (almost dead, chance to affect: 85%)
The gnoll barely resists.
Malevolent energies surge around you.
The gnoll suddenly stops moving!
* * * LOW HITPOINT WARNING * * *
You feel sick. The gnoll closely misses you.
The helpless gnoll fails to defend itself.
You puncture the gnoll!
The gnoll is heavily wounded.
* * * LOW HITPOINT WARNING * * *
You feel sick. The gnoll hits you with a +0 halberd.
You die...

.#
####..............#
.# #..............#
.# ##............#
..# ##..........#
#... #####...####
.... ##..# ......
#..### ......
#..g.# ......
##@#.# #.g#...
..... ....
.............
#.....####..##
#....# .## #....
#####


You could see 2 gnolls.

Vanquished Creatures
  A gnoll (D:3)
  2 adders (D:2)
  A worm (D:2)
  A dart slug (D:1)
  6 ball pythons
  4 endoplasms
  2 giant cockroaches (D:2)
  A goblin (D:2)
  2 kobolds
  3 quokkas
  2 bats (D:2)
  2 frilled lizards (D:2)
  2 rats (D:1)
29 creatures vanquished.

Notes
Turn   | Place    | Note
-------+----------+-------------------------------------------
     0 | D:1      | xian the Demonspawn Necromancer began the quest for the
                  | Orb.
     0 | D:1      | Reached XP level 1. HP: 13/13 MP: 3/3
   228 | D:1      | Gained mutation: You have a pair of small horns on your
                  | head. [demonic ancestry]
   228 | D:1      | Reached XP level 2. HP: 18/19 MP: 0/5
   984 | D:2      | Reached skill level 5 in Necromancy
   984 | D:2      | Gained mutation: Spells you cast may paralyse adjacent
                  | enemies. [demonic ancestry]
   984 | D:2      | Reached XP level 3. HP: 24/24 MP: 4/6
  1039 | D:2      | Learned a level 3 spell: Vampiric Draining
  1609 | D:3      | Identified the +0 plate armour "Qedu" {Int+4}
  1749 | D:3      | Slain by a gnoll

Illustrated notes

Levels and vault maps discovered:
D:1:      amcnicky_arrival_choice, layout_rooms, nrook_uturn
D:2:      layout_loops_ring
D:3:      layout_rooms

Skill      XL: |  1  2  3 |
---------------+----------+-----
Dodging        | 2 |  2.0
Necromancy     | 5 |  5.3
Stealth        | 2 |  2.0
Fighting       | |  0.1
Axes           | |  0.5
Armour         | |  0.1
Spellcasting   | |  2.4

Action                     || total
---------------------------++-------
  Melee: Hand axe          ||     4
         War axe           ||    14
         Dagger            ||     4
   Cast: Necrotise         ||    42
         Vampiric Draining ||     1
    Use: Potion            ||     1
   Stab: Sleeping          ||     2
         Paralysed         ||     4
 Armour: Robe              ||     4
         Leather armour    ||     2
  Dodge: Dodged            ||    27

Table legend: (Time is in decaauts)
 A = Elapsed time spent in this place.
 B = Non-inter-level travel time spent in this place.
 C = Inter-level travel time spent in this place.
 D = Time resting spent in this place.
 E = Time spent auto-exploring this place.
 F = Levels seen in this place.
 G = Mean time per level.
                   A        B        C        D        E       F      G
               +--------+--------+--------+--------+--------+-----+--------+
         Total |   1754 |   1709 |     45 |      0 |   1125 |   3 |  584.7 |
       Dungeon |   1754 |   1709 |     45 |      0 |   1125 |   3 |  584.7 |
               +--------+--------+--------+--------+--------+-----+--------+

Top non-repeatable levels by time:
     D:1: 800 daAuts
     D:2: 797 daAuts
     D:3: 157 daAuts
